 Dungeon Crawl Stone Soup version 0.19.1 (webtiles) character file.

59 equalderp2856 the Scratcher (level 3, 0/17 HPs)
             Began as a Felid Fighter on Nov 26, 2016.
             Slain by an adder (4 damage)
             ... on level 2 of the Dungeon.
             The game lasted 00:04:26 (2032 turns).

equalderp2856 the Scratcher (Felid Fighter)         Turns: 2032, Time: 00:04:27

Health: 0/17       AC:  1    Str: 13    XL:     3   Next: 78%
Magic:  4/4        EV: 19    Int:  9    God:
Gold:   93         SH:  0    Dex: 15    Spells: 0 memorised, 2 levels left
                                        Lives:  0   Deaths: 0

rFire  + . .     SeeInvis +       - Unarmed
rCold  + . .     Gourm    .     (armour unavailable)
rNeg   . . .     Faith    .     (shield unavailable)
rPois  +         Spirit   .     (helmet unavailable)
rElec  +         Reflect  .     (cloak unavailable)
rCorr  +         Harm     .     (gloves unavailable)
MR     .....                    (boots unavailable)
Stlth  ++........               (no amulet)
                                (no ring)
                                (no ring)

@: lethally poisoned (0 -> -7), resistant, quick
A: no armour, no weapons or thrown items, stealth, claws 1, fangs 3, see
invisible, carnivore 3, speed 1, shaggy fur 1, slow metabolism 1, sharp paws
a: no special abilities


You were on level 2 of the Dungeon.
You were full.

You visited 1 branch of the dungeon, and saw 2 of its levels.

You collected 93 gold pieces.

Inventory:

Armour
 c - a +2 cloak
Jewellery
 n - a cursed ring of flight {unknown}
Scrolls
 d - a scroll of enchant armour {unknown}
 e - 2 scrolls of teleportation {unknown}
 f - 3 scrolls of noise {unknown}
 g - a scroll of amnesia {unknown}
 j - a scroll of random uselessness {unknown}
 k - 2 scrolls of magic mapping {unknown}
 l - 2 scrolls of identify {unknown}
Potions
 a - a potion of might
 h - a potion of agility
 o - a potion of curing {unknown}
 p - a potion of cancellation {unknown}
Comestibles
 b - a meat ration
 m - a slice of pizza


   Skills:
 + Level 3.4 Fighting
 + Level 4.5 Dodging
 + Level 1.1 Stealth
 + Level 4.8 Unarmed Combat


You had 2 spell levels left.
You didn't know any spells.

Dungeon Overview and Level Annotations

Branches:
Dungeon (2/15)

Altars:


Innate Abilities, Weirdness & Mutations

You cannot wear armour.
You are incapable of wielding weapons or throwing items.
Your paws allow you to move quietly. (Stealth)
You have sharp claws.
You have razor-sharp teeth.
You have supernaturally acute eyesight. (SInv)
You are carnivorous and can eat meat at any time.
You cover ground quickly.
You are covered in fur. (AC +1)
You have a slow metabolism.
Your sharp claws are effective at attacking unaware monsters.


Message History

The leopard gecko hisses angrily.
An adder comes into view.
You closely miss the leopard gecko. The leopard gecko misses you.
You closely miss the leopard gecko.
The adder hisses angrily.
You claw the leopard gecko.
You kill the leopard gecko!
The adder bites you.
You see here a leopard gecko corpse.
You closely miss the adder. The adder bites you.
You are poisoned.
The adder poisons you!
You scratch the adder.
The adder is heavily wounded.
You feel sick. The adder bites you.
* * * LOW HITPOINT WARNING * * *
It was a potion of resistance.
You feel protected. The adder bites you.
You die...

..# ..# .# ..# .# ..#
.# # ##############
.#.#
.......>.....####.#.#
###.##..####.#......#
.##.##..#....#.##...#
.##.##..#.##....@S..#
..#.##..# #######..#
#.#.##..# .. .#
#.#.##..# .# #
........# #.#####
........#.#.#...
##..#.....#...
#..#..####.###
##..#.........#


You could see an adder.

Vanquished Creatures
  2 adders (D:2)
  An ooze (D:1)
  2 leopard geckos (D:2)
  6 bats
  A giant cockroach (D:1)
  4 goblins (D:1)
  5 hobgoblins
  2 jackals (D:1)
  3 kobolds (D:1)
  3 frilled lizards
  A rat (D:1)
30 creatures vanquished.

Notes
Turn   | Place    | Note
-------+----------+-------------------------------------------
     0 | D:1      | equalderp2856 the Felid Fighter began the quest for the Orb.
     0 | D:1      | Reached XP level 1. HP: 10/10 MP: 2/2
   328 | D:1      | Reached XP level 2. HP: 12/14 MP: 3/3
  1166 | D:1      | Reached XP level 3. HP: 16/17 MP: 4/4
  1986 | D:2      | Reached skill level 1 in Stealth
  2032 | D:2      | Slain by an adder

Skill      XL: |  1  2  3 |
---------------+----------+-----
Stealth        | 1 |  1.1
Fighting       | |  3.4
Dodging        | |  4.5
Unarmed Combat | |  4.8

Action                   || total
-------------------------++-------
Melee: Unarmed           ||    83
       Punch             ||     4
       Bite              ||     4
  Use: Potion            ||     2
 Stab: Sleeping          ||     3
  Eat: Chunk             ||     6
Armor: Skin              ||    10
Dodge: Dodged            ||   100
